 Dungeon Crawl Stone Soup version 0.31-a0-851-g7ff8af7976 (webtiles) character file.

Game seed: 11663800150009798448

1638 LeprechaunX the Changeling (level 8, -12/48 HPs)
             Began as an Octopode Shapeshifter on Oct 6, 2023.
             Was a Follower of Hepliaklqana.
             Mangled by a sleepcap (20 damage)
             ... on level 7 of the Dungeon.
             The game lasted 00:09:38 (4062 turns).

LeprechaunX the Changeling (Octopode Shapeshifter)  Turns: 4062, Time: 00:09:38

Health: -12/48     AC:  1    Str: 15    XL:     8   Next: 98%
Magic:  8/8        EV:  2    Int: 13    God:    Hepliaklqana [*.....]
Gold:   317        SH:  0    Dex: 11    Spells: 7/7 levels left

rFire   . .          .
                       - Unarmed
rCold   . . .        (no shield)
rNeg    . . .        (helmet currently unavailable)
rPois   .            o - amulet of regeneration
rElec   .            k - +5 ring of evasion
rCorr   .            x - +5 ring of evasion
SInv    .            (no ring)
Will    .....        (no ring)
Stlth   ++           (no ring)
HPRegen 1.08/turn    (no ring)
MPRegen 0.11/turn    (no ring)
                     (no ring)

%: no passive effects
@: beast-form, sleeping
A: beast (slay +4), reduced essence, almost no armour, amphibious, 8 rings,
camouflage 1, gelatinous body 1, (nimble swimmer 1), tentacles
a: Begin Untransformation, Renounce Religion, Recall Ancestor, Ancestor Identity


You were on level 7 of the Dungeon.
You worshipped Hepliaklqana.
Hepliaklqana was aware of your devotion.
You were a hulking beast.
You visited 2 branches of the dungeon, and saw 8 of its levels.

You collected 317 gold pieces.

Inventory:

Hand Weapons
 a - a +0 sling
Missiles
 r - a throwing net
Jewellery
 k - a +5 ring of evasion (left tentacle)
 o - an amulet of regeneration (around mantle)
 p - an amulet of the acrobat
 u - a ring of magical power
 x - a +5 ring of evasion (right tentacle)
Talismans
 b - a beast talisman (active)
 c - a flux talisman
 w - a serpent talisman
Scrolls
 d - 8 scrolls of identify {unknown}
 f - 2 scrolls of torment {unknown}
 g - 2 scrolls of enchant weapon {unknown}
 h - a scroll of fog {unknown}
 i - a scroll of teleportation {unknown}
 m - a scroll of fear {unknown}
 q - 3 scrolls of blinking {unknown}
 t - 2 scrolls of immolation {ghostvault, unknown}
Potions
 e - 3 potions of might {unknown}
 j - a potion of resistance {unknown}
 l - 3 potions of enlightenment {ghostvault1, unknown}
 n - a potion of berserk rage {unknown}
 s - a potion of lignification
 v - a potion of heal wounds {unknown}
 z - a potion of magic {unknown}


   Skills:
 + Level 4.9 Fighting
 - Level 5.0 Dodging
 + Level 5.7 Unarmed Combat
 * Level 7.2 Shapeshifting


You had 7 spell levels left.
You didn't know any spells.
Your spell library contained the following spells:

 Spells                   Type           Power      Damage    Failure   Level
 Apportation              Tloc           0%         N/A       30%         1
 Necrotise                Necr           0%         1d4       30%         1
 Summon Small Mammal      Summ           0%         N/A       30%         1
 Gell's Gravitas          Tloc           0%         N/A       67%         3
 Teleport Other           Tloc           0%         N/A       67%         3
 Cause Fear               Hex            0%         N/A       97%         4
 Fireball                 Conj/Fire      0%         3d3       100%        5
 Dispersal                Tloc           0%         N/A       100%        6
 Dragon's Call            Summ           0%         N/A       100%        9


Dungeon Overview and Level Annotations

Branches:
Dungeon (7/15)             Temple (1/1) D:4

Altars:
Ashenzari
Cheibriados
Dithmenos
Fedhas
Gozag
Hepliaklqana
Kikubaaqudgha
Nemelex Xobeh
Okawaru
Qazlal
Trog
Uskayaw
Yredelemnul
Zin
The Shining One


Innate Abilities, Weirdness & Mutations

You are a hulking beast.
Your limbs bulge with bestial killing power. (Slay +4)
Your life essence is reduced to manifest your ancestor. (-10% HP)
You cannot wear most types of armour.
You are amphibious.
You can wear up to eight rings at the same time.
Your skin changes colour to match your surroundings (Stealth+).
Your rubbery body absorbs attacks. (AC +1, EV +1)
((You are camouflaged when in or above water. (Stealth+)))
You have tentacles for arms and can constrict up to eight enemies at once.


Message History

You are engulfed in a cloud of scalding steam.
Ankherfenedjef hits the steam dragon.
The steam dragon closely misses Ankherfenedjef.
The steam dragon claws Ankherfenedjef.
Unknown command.
You catch the helpless steam dragon completely off-guard!
You bludgeon the steam dragon!
You kill the steam dragon!
The steam dragon scales are intact enough to wear.
Unknown command.
You start resting.
Ancestor HP restored.
A centaur comes into view.
You start resting.
The centaur wields a +0 shortbow.
The centaur shoots an arrow.
The arrow hits Ankherfenedjef!
An orc comes into view. It is wielding a +0 whip.
The centaur shoots an arrow.
The arrow hits Ankherfenedjef.
Things that are here:
+0 steam dragon scales; a steam dragon corpse A sleepcap comes into view.
Ankherfenedjef hits the centaur.
You closely miss the orc. You grab the orc. You squeeze the orc!
You kill the orc!
The centaur shoots an arrow.
The arrow hits Ankherfenedjef!
Ankherfenedjef hits the centaur.
The centaur shoots an arrow.
The arrow closely misses Ankherfenedjef.
The arrow hits you!
* * * LOW HITPOINT WARNING * * *
Things that are here:
a +0 whip; a +0 robe You bludgeon the sleepcap!
You grab the sleepcap. You squeeze the sleepcap!
The sleepcap is heavily damaged.
You constrict the sleepcap.
Something hits Ankherfenedjef.
Something kicks Ankherfenedjef.
The sleepcap releases spores at you.
* * * LOW HITPOINT WARNING * * *
You are engulfed in a cloud of soporific spores!
You fall asleep.
You lose your grip on the sleepcap.
The sleepcap releases spores at you!!
You die...

.#
##........#
#.#
#..c......#
#.#
#.....c...#
#.#
##.#####....
#.##..# ....
#.#.#[## ...
#.#.R#
#..f#####
##..h...#
######.#


You could see the friendly Ankherfenedjef the ancestor and a sleepcap (ally
target).

Vanquished Creatures
  A steam dragon (D:7)
  An orc warrior (D:7)
  A black bear (D:5)
  An ice beast (D:5)
  2 ogres
  The ghost of GreenGuy14 the Ruffian, an amateur DrMo (D:4)
  3 phantoms
  A bullfrog (D:4)
  3 scorpions
  A howler monkey (D:6)
  2 hounds
  2 orc priests
  3 sleepcaps
  3 iguanas
  An orc wizard (D:7)
  10 adders
  2 shadow imps
  A white imp (D:7)
  An ufetubus (D:6)
  A dart slug (D:5)
  9 orcs
  7 ball pythons
  4 bats
  5 endoplasms
  A giant cockroach (D:4)
  6 hobgoblins
  6 kobolds
  5 quokkas
  3 frilled lizards
  4 goblins
  7 rats
98 creatures vanquished.

Notes
Turn   | Place    | Note
-------+----------+-------------------------------------------
     0 | D:1      | LeprechaunX the Octopode Shapeshifter began the quest for
                  | the Orb.
     0 | D:1      | Reached XP level 1. HP: 13/13 MP: 1/1
   157 | D:1      | Reached XP level 2. HP: 12/18 MP: 2/2
   658 | D:2      | Reached XP level 3. HP: 23/23 MP: 3/3
   927 | D:2      | Found a faded altar of an unknown god.
  1242 | D:2      | Reached XP level 4. HP: 27/29 MP: 4/4
  1694 | D:4      | Noticed a phantom
  1714 | D:4      | Killed a phantom
  1715 | D:4      | Reached skill level 4 in Shapeshifting
  1715 | D:4      | Reached XP level 5. HP: 27/35 MP: 5/5
  1741 | D:4      | Found a runed translucent door.
  1741 | D:4      | Noticed GreenGuy14's ghost (amateur DrMo)
  1786 | D:4      | Identified the +3 pair of boots "Vuarghirr" {Int+4 SInv
                  | Stlth+}
  1786 | D:4      | Noticed an ogre
  1799 | D:4      | Killed an ogre
  1800 | D:4      | Reached XP level 6. HP: 41/41 MP: 6/6
  1874 | D:4      | Reached skill level 5 in Shapeshifting
  1953 | D:4      | Reached XP level 7. HP: 46/46 MP: 7/7
  1989 | D:4      | Found an iron altar of Okawaru.
  2228 | D:4      | Found a sparkling altar of Nemelex Xobeh.
  2306 | D:4      | Found a staircase to the Ecumenical Temple.
  2390 | D:4      | Killed GreenGuy14's ghost
  2421 | D:5      | Entered Level 5 of the Dungeon
  2476 | D:5      | Noticed a wyvern
  2477 | D:5      | Noticed a two-headed ogre
  2690 | D:5      | Reached skill level 6 in Shapeshifting
  2690 | D:5      | Reached XP level 8. HP: 9/54 MP: 8/8
  2779 | D:5      | Reached skill level 5 in Unarmed Combat
  3175 | Temple   | Entered the Ecumenical Temple
  3179 | Temple   | Became a worshipper of Hepliaklqana the Forgotten
  3415 | D:6      | Found a stormy altar of Qazlal.
  3418 | D:6      | Noticed a water elemental
  3419 | D:6      | Noticed an air elemental
  3490 | D:6      | Reached skill level 5 in Dodging
  3940 | D:7      | Reached * piety under Hepliaklqana
  3992 | D:7      | Reached skill level 7 in Shapeshifting
  4062 | D:7      | Mangled by a sleepcap

Illustrated notes

Levels and vault maps discovered:
D:1:      scummos_arrival_hexagon, layout_basic
D:2:      layout_rooms, shapermc_ecumenical_altar_hornbeckon,
          dreamdust_mushroom_princess
D:3:      layout_rooms
D:4:      layout_basic, mainiacjoe_overflow_catch_the_wave,
          lemuel_temple_firewalk_a, hellmonk_ghost_happy_afterlife,
          nicolae_the_louvre
D:5:      layout_rooms, minmay_misc_feat_more_columns, lightli_corner_chamber
D:6:      layout_loops_cross, nicolae_qazlal_style_of_elements
D:7:      minmay_inner_zag, layout_basic, nicolae_ru_path_of_blood,
          kennysheep_mini_moat, kennysheep_potato
Temple:   hellmonk_temple_two_chambers

Skill      XL: |  1  2  3  4  5  6  7  8 |
---------------+-------------------------+-----
Fighting       | 2 3 4 |  4.9
Dodging        | 3 4 5 |  5.0
Shapeshifting  | 4 5 6 7 |  7.2
Unarmed Combat | 4 5 |  5.7

Action                     |  1- 3 |  4- 6 |  7- 9 || total
---------------------------+-------+-------+-------++-------
  Melee: Unarmed           |    56 |    74 |   151 ||   281
         Constrict         |    14 |    14 |    30 ||    58
         Tentacles         |    12 |    17 |    42 ||    71
         Punch             |       |     4 |     5 ||     9
   Fire: Sling             |       |     5 |       ||     5
   Stab: Sleeping          |     5 |     3 |     6 ||    14
         Distracted        |       |       |     1 ||     1
 Armour: Skin              |    20 |    18 |    42 ||    80
  Dodge: Dodged            |    31 |    53 |    95 ||   179

Table legend: (Time is in decaauts)
 A = Elapsed time spent in this place.
 B = Non-inter-level travel time spent in this place.
 C = Inter-level travel time spent in this place.
 D = Time resting spent in this place.
 E = Time spent auto-exploring this place.
 F = Levels seen in this place.
 G = Mean time per level.
                   A        B        C        D        E       F      G
               +--------+--------+--------+--------+--------+-----+--------+
         Total |   4041 |   3664 |    377 |    103 |   2815 |   8 |  505.1 |
       Dungeon |   4033 |   3662 |    371 |    103 |   2815 |   7 |  576.1 |
        Temple |      8 |      2 |      6 |      0 |      0 |   1 |    8.0 |
               +--------+--------+--------+--------+--------+-----+--------+

Top non-repeatable levels by time:
     D:4: 863 daAuts
     D:5: 733 daAuts
     D:2: 662 daAuts
     D:1: 648 daAuts
     D:6: 645 daAuts
     D:3: 359 daAuts
     D:7: 120 daAuts
  Temple: 8 daAuts
